 Dungeon Crawl Stone Soup version 0.26-a0-663-g36e8fdb655 (webtiles) character file.

Game seed: 1244929615413042501

3917 halkony2012 the Carver (level 10, -2/90 HPs)
             Began as a Minotaur Fighter on Oct 11, 2020.
             Was an Elder of Okawaru.
             Hit by a javelin thrown by a centaur (7 damage)
             ... in a bailey.
             The game lasted 00:19:04 (7829 turns).

halkony2012 the Carver (Minotaur Fighter)           Turns: 7829, Time: 00:19:05

Health: -2/90      AC: 17    Str: 24    XL:     10   Next: 1%
Magic:  10/10      EV:  6    Int: 11    God:    Okawaru [****..]
Gold:   472        SH: 10    Dex: 10    Spells: 9/9 levels left

rFire    + . .     SeeInvis +   h - +1 falchion (holy)
rCold    + . .     Faith    +   c - +0 kite shield
rNeg     . . .     Spirit   .   C - +8 chain mail of Greed {rC- Int+6 SInv Stlth+}
rPois    .         Reflect  .   (helmet restricted)
rElec    .         Harm     .   r - scarf {rC+ rF+}
rCorr    .         Rampage  .   (no gloves)
MR       .....                  (no boots)
Stlth    ..........             z - amulet of faith
HPRegen  0.25/turn              x - ring of ice
MPRegen  0.12/turn              G - ring of protection from fire (curse)

@: mighty, slowed, very slow
A: retaliatory headbutt, horns 2
a: Heroism, Renounce Religion


You were in a bailey.
You worshipped Okawaru.
Okawaru was greatly pleased with you.
You visited 2 branches of the dungeon, and saw 10 of its levels.
You also visited: Sewer and Bailey.

You collected 472 gold pieces.

Inventory:

Hand Weapons
 a - a +1 long sword
 h - a +1 falchion of holy wrath (weapon)
Armour
 b - a +0 scale mail
 c - a +0 kite shield (worn)
 q - a +0 cloak
 r - a scarf of resistance (worn)
 t - a +0 chain mail
 v - a +0 chain mail of poison resistance
 C - the +8 chain mail of Greed (worn) {rC- Int+6 SInv Stlth+}
   (You found it on level 6 of the Dungeon)

   It affects your intelligence (+6).
   It makes you vulnerable to cold.
   It lets you see invisible.
   It makes you more stealthy.
 J - a +0 plate armour
Jewellery
 x - a ring of ice (left hand)
 z - an amulet of faith (around neck)
 G - a cursed ring of protection from fire (right hand)
Wands
 u - a wand of polymorph (4)
 A - a wand of paralysis (6)
 D - a wand of flame (29)
 F - a wand of disintegration (19)
Scrolls
 e - 3 scrolls of identify
 f - 5 scrolls of teleportation
 g - 3 scrolls of remove curse
 k - 4 scrolls of blinking
 l - 2 scrolls of fog
 m - a scroll of fear
 p - a scroll of random uselessness
 B - a scroll of noise {unknown}
 E - 2 scrolls of summoning {unknown}
 H - 2 scrolls of enchant weapon
 K - a scroll of amnesia
Potions
 d - a potion of might
 i - 4 potions of flight
 j - 3 potions of heal wounds
 n - a potion of berserk rage
 o - a potion of mutation
 s - 5 potions of curing
 w - a potion of haste
 I - a potion of stabbing {unknown}


   Skills:
 + Level 8.6 Fighting
 - Level 14.0 Long Blades
 - Level 3.9 Armour
 - Level 1.0 Dodging
 * Level 5.6 Shields
 - Level 1.5 Invocations


You had 9 spell levels left.
You didn't know any spells.
Your spell library was empty.

Dungeon Overview and Level Annotations

Branches:
Dungeon (9/15)             Temple (1/1) D:6           Sewer (visited)
 Bailey (1/1)
   Lair: D:8-11         Orc: D:9-12

Altars:
Ashenzari
Cheibriados
Dithmenos
Elyvilon
Fedhas
Gozag
Hepliaklqana
Kikubaaqudgha
Makhleb
Nemelex Xobeh
Okawaru
Qazlal
Ru
Sif Muna
Trog
Uskayaw
Vehumet
Wu Jian
Xom
Yredelemnul
Zin
The Shining One

Shops:
D:4 [   D:6 [

Annotations:
D:9 Erica


Innate Abilities, Weirdness & Mutations

You reflexively headbutt those who attack you in melee.
You have a pair of horns on your head.


Message History

You see here a spear.
There is a flagged portal here.
Erica casts a spell at you.
You feel yourself slow down.
The world spins around you as you enter the gateway.
You enter a bailey! 3 orcs and a centaur come into view.
The orc shouts!
The centaur shouts!
You hear a shout!
Found two gates leading back out of this place.
There is an empty arch of ancient stone here.
A centaur comes into view. It is wielding a -2 spear.
The centaur shouts!
The centaur throws a javelin.
The javelin barely misses you.
An orc comes into view. It is wielding a +0 spear.
The centaur throws a javelin.
The javelin pierces through you but does no damage.
There is a gate leading back out of this place here.
You see here 2 javelins.
The centaur throws a javelin.
The javelin pierces through you!
You die...

..≈≈..≈.≈..≈≈..
o≈≈o≈≈≈.≈≈≈.≈≈.
.≈.≈≈..c..≈≈.≈o
≈≈.≈.≈≈≈≈≈.≈.≈≈
≈.≈≈.≈...≈.≈≈.≈
≈.≈.≈≈...≈≈.≈.≈
≈o≈.≈.⌠∩⌠.≈.≈.≈
≈.≈.≈..∩..≈.≈.≈
≈.≈.≈.⌠@⌠.≈.≈.≈
≈.≈.≈≈...≈≈.≈.≈
≈.≈≈.≈...≈.≈≈.≈
≈≈.≈.≈≈.≈≈.≈.≈≈
.≈.≈≈.≈.≈.≈≈.≈.
....≈≈...≈≈....
.....≈≈≈≈≈.....
≈≈≈....c....≈≈≈


You could see 2 centaurs and 4 orcs.

Vanquished Creatures
  A golden eye (D:5)
  3 ice beasts
  3 orc warriors (D:7)
  2 black bears
  A necrophage (D:8)
  A phantom (D:8)
  2 ogres
  3 centaurs
  6 bullfrogs
  2 gnoll sergeants
  A water moccasin zombie (D:8)
  A water moccasin skeleton (D:8)
  3 scorpions
  8 wights (D:7)
  2 howler monkeys (D:8)
  A centaur zombie (D:5)
  2 bullfrog zombies
  2 jellies (D:6)
  9 orc wizards
  3 orc priests
  2 hounds
  2 centaur skeletons
  An iguana (D:7)
  7 worker ants
  2 killer bee zombies
  A hound zombie (D:8)
  A hound skeleton (D:8)
  Robin (D:2)
  11 adders
  8 gnolls
  A shadow imp (D:8)
  A white imp (D:7)
  2 ufetubi (D:6)
  6 oozes
  2 adder zombies
  An adder skeleton (D:6)
  5 worms
  2 dart slugs
  13 leopard geckos
  24 orcs
  7 ball pythons
  5 bats
  15 giant cockroaches
  16 goblins
  10 hobgoblins
  8 jackals
  3 quokkas (D:7)
  12 frilled lizards
  11 kobolds
  10 rats
246 creatures vanquished.

Notes
Turn   | Place    | Note
-------+----------+-------------------------------------------
     0 | D:1      | halkony2012 the Minotaur Fighter began the quest for the
                  | Orb.
     0 | D:1      | Reached XP level 1. HP: 19/19 MP: 0/0
   202 | D:1      | Reached XP level 2. HP: 27/27 MP: 1/1
   587 | D:1      | Reached skill level 3 in Long Blades
   587 | D:1      | Reached XP level 3. HP: 34/34 MP: 2/2
  1213 | D:2      | Reached XP level 4. HP: 41/41 MP: 3/3
  1241 | D:2      | Reached skill level 4 in Long Blades
  1299 | D:2      | Noticed Robin
  1391 | D:2      | Killed Robin
  1941 | D:4      | Reached skill level 5 in Long Blades
  1941 | D:4      | Reached skill level 1 in Dodging
  1941 | D:4      | Reached XP level 5. HP: 41/47 MP: 4/4
  2185 | D:4      | Reached skill level 6 in Long Blades
  2193 | D:4      | Found a glowing drain.
  2201 | Sewer    | Entered a sewer
  2239 | Sewer    | Reached skill level 5 in Fighting
  2275 | Sewer    | Reached XP level 6. HP: 55/56 MP: 5/5
  2492 | Sewer    | Reached skill level 7 in Long Blades
  2712 | D:4      | Found Wuv Zall's Antique Armour Boutique.
  3135 | D:5      | Entered Level 5 of the Dungeon
  3144 | D:5      | Noticed an ice beast
  3160 | D:5      | Killed an ice beast
  3160 | D:5      | Reached skill level 8 in Long Blades
  3160 | D:5      | Reached XP level 7. HP: 41/61 MP: 6/6
  3392 | D:5      | Reached skill level 9 in Long Blades
  3755 | D:5      | Noticed a golden eye
  3755 | D:5      | an ogre changed into a golden eye
  3885 | D:5      | Killed a golden eye
  4228 | D:6      | Reached skill level 10 in Long Blades
  4295 | D:6      | Found a staircase to the Ecumenical Temple.
  4326 | Temple   | Entered the Ecumenical Temple
  4603 | Temple   | Became a worshipper of Warmaster Okawaru
  4646 | D:6      | Reached XP level 8. HP: 70/70 MP: 7/7
  4660 | D:6      | Got a smoking chain mail
  4672 | D:6      | Identified the +8 chain mail of Greed {rC- Int+6 SInv
                  | Stlth+} (You found it on level 6 of the Dungeon)
  4902 | D:6      | Reached * piety under Okawaru
  5052 | D:6      | Reached skill level 11 in Long Blades
  5196 | D:6      | Found Watuy's Antique Armour Boutique.
  5647 | D:7      | Reached skill level 12 in Long Blades
  5773 | D:7      | Reached XP level 9. HP: 74/78 MP: 5/8
  5791 | D:7      | Reached ** piety under Okawaru
  6086 | D:7      | Reached skill level 13 in Long Blades
  6359 | D:7      | Reached *** piety under Okawaru
  6660 | D:8      | Reached skill level 14 in Long Blades
  6711 | D:8      | Identified the cursed +1 dagger "Hydraslayer" {antimagic,
                  | rF+ Dex+4}
  6715 | D:8      | Reached skill level 1 in Invocations
  6880 | D:8      | Reached **** piety under Okawaru
  7052 | D:8      | Reached skill level 5 in Shields
  7477 | D:8      | Found a stormy altar of Qazlal.
  7767 | D:9      | Found a flagged portal.
  7767 | D:9      | Noticed Erica
  7787 | D:9      | Reached XP level 10. HP: 59/90 MP: 7/10
  7822 | D:9      | HP: 3/90 [Erica/lance of force (25)]
  7827 | Bailey   | Entered a bailey
  7829 | Bailey   | Hit by a javelin thrown by a centaur

Illustrated notes

Levels and vault maps discovered:
D:1:      dpeg_arrival_brainrot, layout_basic
D:2:      layout_basic, uniq_robin
D:3:      layout_rooms
D:4:      cheibrodos_quashed, layout_loops_ring, gup_sewer_entry_pipe,
          serial_shops, shop
D:5:      layout_cave_pools
D:6:      layout_cave_pods, minmay_temple_entry_large_hall, serial_shops,
          kennysheep_mini_moat
D:7:      layout_loops_ring
D:8:      layout_basic, nicolae_qazlal_eye_of_the_storm
D:9:      layout_gridville, enter_bailey_2, nicolae_ashenzari_panopticon,
          uniq_harold, uniq_erica
Temple:   roderic_octagonal_lattice_temple
Bailey:   bailey_polearm_flooded_kennysheep, bailey

Skill      XL: |  1  2  3  4  5  6  7  8  9 |
---------------+----------------------------+-----
Fighting       | 4 5 6 8 |  8.6
Long Blades    | 3 5 6 8 10 12 14 | 14.0
Dodging        | 1 |  1.0
Invocations    | 1 |  1.5
Shields        | 5 |  5.6
Armour         | |  3.9

Action                   |  1- 3 |  4- 6 |  7- 9 | 10-12 || total
-------------------------+-------+-------+-------+-------++-------
Melee: Long sword        |    93 |    84 |       |       ||   177
       Headbutt          |    14 |    43 |    82 |     1 ||   140
       Falchion          |       |   147 |   429 |    13 ||   589
Invok: Heroism           |       |       |     7 |       ||     7
Evoke: Wand              |       |       |     2 |     2 ||     4
  Use: Scroll            |       |    10 |     6 |       ||    16
       Potion            |       |       |       |     1 ||     1
Armor: Scale mail        |    32 |    24 |       |       ||    56
       Chain mail        |       |    84 |   166 |     9 ||   259
Dodge: Dodged            |    21 |    44 |    63 |     7 ||   135
Block: Kite shield       |    53 |   119 |   164 |     1 ||   337
       Rpst.: Long sword |     5 |     6 |       |       ||    11
       Falchion          |       |    10 |    11 |     1 ||    22

Table legend: (Time is in decaauts)
 A = Elapsed time spent in this place.
 B = Non-inter-level travel time spent in this place.
 C = Inter-level travel time spent in this place.
 D = Time resting spent in this place.
 E = Time spent auto-exploring this place.
 F = Levels seen in this place.
 G = Mean time per level.
                   A        B        C        D        E       F      G
               +--------+--------+--------+--------+--------+-----+--------+
         Total |   7900 |   7581 |    319 |    345 |   5156 |  12 |  658.3 |
       Dungeon |   7034 |   6769 |    265 |    330 |   4744 |   9 |  781.6 |
        Temple |    295 |    241 |     54 |      0 |    239 |   1 |  295.0 |
         Sewer |    568 |    568 |      0 |     15 |    172 |   1 |  568.0 |
        Bailey |      2 |      2 |      0 |      0 |      0 |   1 |    2.0 |
               +--------+--------+--------+--------+--------+-----+--------+

Top non-repeatable levels by time:
     D:6: 1167 daAuts
     D:8: 1070 daAuts
     D:1: 1029 daAuts
     D:5: 998 daAuts
     D:7: 959 daAuts
     D:4: 831 daAuts
   Sewer: 568 daAuts
     D:2: 567 daAuts
     D:3: 324 daAuts
  Temple: 295 daAuts
     D:9: 86 daAuts
  Bailey: 2 daAuts
